Map: Ruby Rock LE

Players

抖音月野鹿

  • Race: Zerg Zerg
  • League: Master

电脑难度(新手) - Winner!

  • Race: Terran Terran

VOD

Have the link to the VOD?

Description

Time

  • Played on: March 7, 2026, 2:51 a.m.
  • Length: 7:55
Show
View Real Time Build Order
Export as new Build Order

抖音月野鹿 Zerg 

Build Orders: Hatch First 

Get SALT Encoding   

  12  0:00  Drone  
  13  0:10  Drone  
  14  0:14  Extractor, Drone  
  15  0:21  Overlord  
  15  0:41  Drone  
  16  0:46  Hatchery  
  16  0:49  Drone  
  16  0:53  Drone  
  16  0:56  Drone  
  18  1:06  Extractor  
  17  1:11  Spawning Pool  
  17  1:14  Drone  
  17  1:20  Drone  
  18  1:28  Drone  
  19  1:37  Drone  
  20  1:49  Drone  
  21  1:58  Queen x2  
  21  1:59  Zergling x4  
  27  2:09  Metabolic Boost  
  27  2:10  Overlord  
  27  2:14  Drone  
  28  2:28  Hatchery  
  27  2:30  Drone  
  27  2:33  Drone  
  27  2:34  Drone  
  30  2:42  Drone  
  31  2:48  Queen  
  31  2:50  Overlord  
  33  2:53  Drone  
  33  2:55  Drone  
  36  2:58  Drone  
  36  3:02  Overlord  
  36  3:10  Drone x3  
  39  3:21  Drone x2  
  39  3:23  Drone  
  39  3:24  Queen  
  39  3:26  Drone x2  
  46  3:31  Queen  
  48  3:35  Drone x2  
  50  3:42  Drone x4  
  54  3:50  Overlord  
  54  3:51  Zergling x4  
  57  3:55  Zergling x4  
  57  3:58  Overlord  
  58  4:07  Overlord  
  58  4:08  Queen  
  60  4:12  Drone x2  
  60  4:13  Overlord  
  60  4:15  Drone x4  
  66  4:19  Queen  
  66  4:22  Overlord  
  66  4:23  Drone  
  69  4:26  Drone  
  69  4:27  Drone  
  69  4:29  Lair  
  71  4:31  Drone  
  71  4:34  Baneling Nest  
  71  4:38  Drone  
  71  4:39  Drone x3  
  71  4:40  Drone  
  71  4:43  Drone x2  
  78  4:47  Drone x4  
  78  4:50  Drone  
  78  4:52  Extractor  
  82  4:54  Drone x2  
  82  4:57  Drone  
  82  4:59  Overlord  
  85  5:06  Hatchery  
  84  5:08  Drone x2  
  84  5:10  Drone  
  84  5:11  Extractor  
  84  5:13  Drone, Extractor  
  86  5:14  Extractor  
  86  5:15  Drone x5, Evolution Chamber  
  86  5:16  Evolution Chamber  
  86  5:19  Overlord  
  88  5:23  Overlord  
  88  5:25  Drone  
  89  5:28  Drone  
  89  5:29  Drone  
  89  5:30  Drone  
  89  5:31  Drone x2  
  89  5:34  Centrifugal Hooks  
  94  5:36  Drone  
  94  5:40  Drone  
  96  5:44  Zerg Ground Armor Level 1  
  96  5:45  Drone  
  96  5:47  Overlord, Hatchery  
  96  5:48  Drone  
  96  5:49  Drone x2  
  99  5:52  Drone  
  99  5:56  Drone  
  101  5:58  Zerg Melee Weapons Level 1  
  101  5:59  Drone x4  
  101  6:03  Hydralisk Den, Zergling x8  
  108  6:08  Zergling x2  
  109  6:14  Overlord  
  109  6:15  Zergling x2  
  110  6:19  Zergling x10  
  110  6:24  Infestation Pit, Hatchery  
  110  6:25  Extractor  
  112  6:26  Baneling x3  
  112  6:27  Zergling x4  
  112  6:28  Overlord  
  112  6:30  Overlord  
  115  6:32  Zergling x2  
  115  6:33  Zergling x4  
  115  6:37  Muscular Augments  
  115  6:39  Hydralisk x5  
  117  6:43  Overlord  
  127  6:47  Zergling x2  
  127  6:48  Zergling x4  
  130  6:55  Zergling x12  
  136  7:03  Hydralisk x4  
  136  7:07  Zergling x4  
  136  7:08  Zergling x4, Hatchery  
  148  7:10  Zergling x2  
  148  7:11  Zergling x6  
  151  7:19  Zergling x14  
  151  7:20  Overlord  
  158  7:23  Overlord  
  158  7:25  Zergling x12  
  158  7:27  Baneling x5  
  164  7:31  Baneling  
  164  7:32  Baneling x11  
  164  7:33  Zergling x2  
  164  7:34  Zergling x4  
Show
View Real Time Build Order
Export as new Build Order

电脑难度(新手) Terran - Winner!

Build Orders:  

Get SALT Encoding   

  12  0:00  SCV  
  13  0:13  SCV  
  14  0:18  Supply Depot  
  14  0:36  Refinery  
  14  0:41  Barracks  
  14  1:02  Supply Depot  
  14  1:12  SCV  
  15  1:24  SCV  
  16  1:30  Marine  
  17  1:37  SCV  
  18  1:48  Reaper  
  18  1:49  SCV  
  20  2:01  SCV  
  21  2:13  SCV  
  22  2:26  Orbital Command  
  22  4:30  SCV, Marine  
  22  4:31  Refinery  
  24  4:35  Factory  
  24  4:37  Supply Depot  
  24  4:42  SCV  
  25  4:58  SCV  
  26  5:00  Supply Depot  
  26  5:07  Marine  
  26  5:10  SCV  
  28  5:22  SCV  
  28  5:24  Starport  
  27  5:35  SCV  
  28  5:43  Marine  
  29  6:00  Command Center, Starport Tech Lab  
  29  6:03  Barracks Tech Lab  
  29  6:21  Raven  
  29  6:22  Marauder  
  31  6:55  Raven  
  33  7:13  SCV  
  34  7:20  SCV  
  34  7:22  Refinery  
  35  7:23  Refinery  
  35  7:27  SCV  
  36  7:34  SCV  
  37  7:41  SCV  
Tags
 
Add a new tag
Caveats
  • Supply blocks, unpowered buildings, or Contaminate may cause inaccurate times.
  • Supply counts are checked every 10 seconds.